 Dungeon Crawl Stone Soup version 0.16-a0-3992-g631dd12 (webtiles) character file.

10 timbw the Caller (level 2, -2/11 HPs)
             Began as a Felid Summoner on Feb 12, 2015.
             Slain by an adder (5 damage)
             ... on level 2 of the Dungeon.
             The game lasted 00:01:21 (141 turns).

timbw the Caller (Felid Summoner)                    Turns: 141, Time: 00:01:21

Health: -2/11      AC:  1    Str:  4    XL:     2   Next: 10%
Magic:  1/6        EV: 18    Int: 16    God:
Gold:   0          SH:  0    Dex: 16    Spells: 2 memorised, 2 levels left
                                        Lives:  0   Deaths: 0

rFire  . . .     SeeInvis +     (weapon unavailable)
rCold  . . .     Clarity  .     (armour unavailable)
rNeg   . . .     SustAb   .     (shield unavailable)
rPois  .         Gourm    .     (helmet unavailable)
rElec  .         Spirit   .     (cloak unavailable)
rCorr  .         Warding  .     (gloves unavailable)
rMut   .         Stasis   .     (boots unavailable)
MR     .....                    (no amulet)
Stlth  +++.......               (no ring)
                                (no ring)

@: quick, not resistant to hostile enchantments, fairly stealthy
A: paw claws, no armour, no weapons or thrown items, fangs 3, see invisible,
carnivore 3, speed 1, shaggy fur 1, slow metabolism 1, sharp paws
a: no special abilities


You were on level 2 of the Dungeon.
You were not hungry.

You visited 1 branch of the dungeon, and saw 2 of its levels.

Inventory:

Jewellery
 e - a cursed ring of teleportation {unknown}
Scrolls
 d - a scroll of random uselessness {unknown}
Books
 b - a book of Callings

   Spells                             Type                      Level
   a - Summon Small Mammal            Summoning                    1
   b - Call Imp                       Summoning                    2
   c - Call Canine Familiar           Summoning                    3
   d - Summon Guardian Golem          Hexes/Summoning              4
   e - Summon Lightning Spire         Summoning/Air                4
   f - Summon Ice Beast               Ice/Summoning                4
Comestibles
 c - a meat ration


   Skills:
 - Level 2.6 Dodging
 - Level 2.6 Stealth
 + Level 2.3 Spellcasting
 + Level 4.2 Summonings


You had 2 spell levels left.
You knew the following spells:

 Your Spells              Type           Power        Failure   Level  Hunger
a - Summon Small Mammal   Summ           ###.         4%          1    #......
b - Call Imp              Summ           ###.....     8%          2    ###....


Dungeon Overview and Level Annotations

Branches:
Dungeon (2/15)

Altars:

Annotations:
D:2 Sigmund


Innate Abilities, Weirdness & Mutations

You cannot wear armour.
You are incapable of wielding weapons or throwing items.
You have razor-sharp teeth.
You have supernaturally acute eyesight.
You are carnivorous and can eat meat at any time.
You cover ground quickly.
You are covered in fur (AC +1).
You have a slow metabolism.
Your paws have sharp claws that are effective at stabbing.


Message History

The adder closely misses you.
Your crimson imp closely misses the adder.
Sigmund completely misses you.
Found a stone staircase leading down.
You bump into the rock wall.
The adder is no longer bleeding.
The adder misses you.
Your crimson imp completely misses the adder.
The adder completely misses you.
You bump into the rock wall.
Sigmund completely misses you. The adder bites you.
Your crimson imp hits the adder.
An adder comes into view.
You feel less confused.
Found a stone staircase leading up.
Casting: Call Imp
Confirm with . or Enter, or press ? or * to list all spells.
A beastly little devil appears in a puff of frigid air.
The adder bites you.
* * * LOW HITPOINT WARNING * * *
The adder bites you.
You die...

#.. #....#
##..##########....# ##
...S..............# . ..
...#..............# ... .
..#............ .#
##..#.####.#...........# S.
#...S.#...5#....†......##(#
......................<....#
##.#..#.#S@...........[.###
#..#.#5..............#
#...@............§...#
#..###.###.......###.# #..>
#.# ###..##.# #... #.. ..#
#.....# #...? #.# ...#
#.#....# #.... #. .##.#
#.###.## ##..# #. #.. ..
<... ..#


You could see Sigmund, 3 adders, a friendly crimson imp and a friendly white
imp.

Vanquished Creatures
  A bat (D:1)
  A giant newt (D:1)
  A kobold (D:1)
  A rat (D:1)
4 creatures vanquished.

Vanquished Creatures (collateral kills)
  An adder (D:2)
  3 goblins (D:1)
4 creatures vanquished.

Vanquished Creatures (others)
  A bat (D:2)
1 creature vanquished.

Grand Total: 9 creatures vanquished

Notes
Turn   | Place    | Note
--------------------------------------------------------------
     0 | D:1      | timbw, the Felid Summoner, began the quest for the Orb.
     0 | D:1      | Reached XP level 1. HP: 7/7 MP: 4/4
    87 | D:2      | Reached XP level 2. HP: 11/11 MP: 1/6
    91 | D:2      | Learned a level 2 spell: Call Imp
   130 | D:2      | Noticed Sigmund
   141 | D:2      | Slain by an adder

Action                   || total
-------------------------++-------
Melee: Unarmed           ||    10
 Cast: Summon Small Mamm ||     9
       Call Imp          ||     2
  Use: Potion            ||     1
 Stab: Sleeping          ||     1
